2821 views
Uploaded 2020-03-06 20:26:05
Game version 1.32.2
16:20 long 4on4 ladder game on (8)GolemsInTheMist_LV
Saved by BEARAND
2821 views
Uploaded 2020-03-06 20:26:05
Game version 1.32.2
16:20 long 4on4 ladder game on (8)GolemsInTheMist_LV


101 units @ 9k
/ 1.1k
159 buildings @ 12.6k
/ 5.3k


| Healing Salve | 2 | 200 |
| Lesser Clarity Potion | 3 | 210 |
| Orb of Lightning | 2 | 750 |
| Circlet of Nobility | 2 | 350 |
| Boots of Speed | 5 | 1250 |
| Staff of Teleportation | 2 | 300 |
| total: | 16 | 3060g |
| Peon | 11 | 825 | / | 0 |
| Troll Batrider | 11 | 1760 | / | 440 |
| total: | 22 | 2585g | / | 440w |
| Watch Tower | 9 | 990 | / | 720 |
| Altar of Storms | 1 | 180 | / | 50 |
| Orc Burrow | 3 | 480 | / | 120 |
| War Mill | 1 | 205 | / | 0 |
| Voodoo Lounge | 3 | 390 | / | 90 |
| Beastiary | 2 | 290 | / | 280 |
| Stronghold | 1 | 315 | / | 190 |
| Fortress | 1 | 325 | / | 190 |
| total: | 19 | 2535g | / | 1260w |
| 0:04 | Altar of Storms |
| 0:06 | Orc Burrow |
| 0:09 | Peon |
| 0:09 | Peon |
| 0:20 | Peon |
| 0:39 | War Mill |
| 0:45 | Peon |
| 0:53 | Peon |
| 1:07 | Peon |
| 1:20 | Peon |
| 1:25 | Peon |
| 1:30 | Peon |
| 1:39 | Voodoo Lounge |
| 1:50 | Peon |
| 2:06 | Wind Walk |
| 2:09 | Peon |
| 3:27 | Voodoo Lounge |
| 3:28 | Stronghold |
| 3:40 | Spiked Barricades |
| 3:56 | Healing Salve |
| 3:56 | Lesser Clarity Potion |
| 3:56 | Lesser Clarity Potion |
| 4:16 | Circlet of Nobility |
| 4:16 | Boots of Speed |
| 4:16 | Staff of Teleportation |
| 4:16 | Boots of Speed |
| 4:35 | Voodoo Lounge |
| 5:09 | Critical Strike |
| 5:53 | Fortress |
| 5:56 | Orc Burrow |
| 5:58 | Beastiary |
| 7:07 | Beastiary |
| 7:09 | Orc Burrow |
| 7:11 | Troll Batrider |
| 7:14 | Healing Salve |
| 7:15 | Lesser Clarity Potion |
| 7:34 | Reinforced Defenses |
| 7:53 | Watch Tower |
| 7:54 | Watch Tower |
| 7:56 | Hex |
| 8:07 | Troll Batrider |
| 8:21 | Orb of Lightning |
| 8:59 | Watch Tower |
| 8:59 | Watch Tower |
| 9:01 | Watch Tower |
| 9:01 | Watch Tower |
| 9:27 | Wind Walk |
| 10:07 | Troll Batrider |
| 10:27 | Orb of Lightning |
| 10:40 | Troll Batrider |
| 12:07 | Healing Wave |
| 12:22 | Troll Batrider |
| 12:22 | Troll Batrider |
| 12:22 | Troll Batrider |
| 12:41 | Critical Strike |
| 13:20 | Troll Batrider |
| 13:20 | Troll Batrider |
| 13:23 | Watch Tower |
| 13:24 | Watch Tower |
| 13:56 | Circlet of Nobility |
| 13:56 | Boots of Speed |
| 14:05 | Boots of Speed |
| 14:05 | Boots of Speed |
| 15:12 | Staff of Teleportation |
| 15:38 | Watch Tower |
| 15:44 | Troll Batrider |
| 15:44 | Troll Batrider |
| Right click | 1166 |
| Select group | 387 |
| Build/train/purchase | 159 |
| Select | 126 |
| Use ability | 41 |
| Minimap ping | 25 |
| Misc. action | 12 |
| Assign group | 11 |
| Resource trade | 5 |
| Item give/drop | 3 |
| Esc | 1 |



| Staff of Sanctuary | 2 | 500 |
| Lesser Clarity Potion | 1 | 70 |
| Boots of Speed | 2 | 500 |
| Staff of Teleportation | 2 | 300 |
| Periapt of Vitality | 2 | 650 |
| Circlet of Nobility | 1 | 175 |
| Healing Salve | 3 | 300 |
| Orb of Lightning | 1 | 375 |
| total: | 14 | 2870g |
| Peasant | 16 | 1200 | / | 0 |
| total: | 16 | 1200g | / | 0w |
| Scout Tower | 34 | 1020 | / | 680 |
| Arcane Tower | 2 | 140 | / | 100 |
| Guard Tower | 21 | 1470 | / | 1050 |
| Altar of Kings | 1 | 180 | / | 50 |
| Farm | 3 | 240 | / | 60 |
| Lumber Mill | 1 | 120 | / | 0 |
| Town Hall | 1 | 385 | / | 205 |
| Arcane Vault | 4 | 520 | / | 120 |
| Arcane Sanctum | 1 | 150 | / | 140 |
| Keep | 1 | 320 | / | 210 |
| Castle | 2 | 720 | / | 420 |
| total: | 45 | 2615g | / | 1255w |
| 0:02 | Peasant |
| 0:08 | Peasant |
| 0:12 | Altar of Kings |
| 0:18 | Farm |
| 0:20 | Peasant |
| 0:51 | Lumber Mill |
| 0:52 | Peasant |
| 0:53 | Peasant |
| 0:53 | Peasant |
| 0:57 | Farm |
| 1:10 | Peasant |
| 1:23 | Peasant |
| 1:26 | Peasant |
| 1:37 | Peasant |
| 1:52 | Peasant |
| 1:53 | Peasant |
| 1:57 | Scout Tower |
| 2:13 | Blizzard |
| 2:19 | Scout Tower |
| 2:22 | Scout Tower |
| 2:22 | Scout Tower |
| 2:24 | Arcane Tower |
| 2:43 | Peasant |
| 2:43 | Peasant |
| 2:45 | Guard Tower |
| 2:47 | Scout Tower |
| 2:47 | Scout Tower |
| 2:59 | Guard Tower |
| 3:01 | Scout Tower |
| 3:01 | Scout Tower |
| 3:25 | Guard Tower |
| 3:32 | Scout Tower |
| 3:33 | Scout Tower |
| 3:33 | Scout Tower |
| 3:37 | Improved Masonry |
| 3:38 | Keep |
| 3:47 | Guard Tower |
| 3:59 | Guard Tower |
| 4:07 | Guard Tower |
| 4:26 | Guard Tower |
| 4:36 | Guard Tower |
| 4:37 | Scout Tower |
| 4:38 | Scout Tower |
| 5:15 | Guard Tower |
| 5:28 | Town Hall |
| 5:32 | Scout Tower |
| 5:33 | Scout Tower |
| 5:39 | Brilliance Aura |
| 6:19 | Scout Tower |
| 6:20 | Scout Tower |
| 6:20 | Scout Tower |
| 6:21 | Scout Tower |
| 6:21 | Scout Tower |
| 6:21 | Scout Tower |
| 6:22 | Guard Tower |
| 6:36 | Guard Tower |
| 6:38 | Scout Tower |
| 6:38 | Scout Tower |
| 6:39 | Scout Tower |
| 6:39 | Scout Tower |
| 6:44 | Farm |
| 6:47 | Advanced Masonry |
| 7:01 | Healing Salve |
| 7:09 | Guard Tower |
| 7:28 | Guard Tower |
| 7:51 | Guard Tower |
| 7:57 | Storm Bolt |
| 8:00 | Guard Tower |
| 8:49 | Boots of Speed |
| 8:49 | Staff of Teleportation |
| 8:51 | Periapt of Vitality |
| 9:00 | Scout Tower |
| 9:01 | Scout Tower |
| 9:01 | Scout Tower |
| 9:02 | Scout Tower |
| 9:05 | Peasant |
| 9:37 | Bash |
| 9:46 | Blizzard |
| 9:52 | Guard Tower |
| 9:53 | Castle |
| 9:54 | Guard Tower |
| 10:04 | Guard Tower |
| 10:07 | Peasant |
| 10:15 | Healing Salve |
| 10:29 | Arcane Vault |
| 10:31 | Arcane Vault |
| 10:32 | Arcane Vault |
| 11:29 | Guard Tower |
| 11:30 | Arcane Tower |
| 12:29 | Scout Tower |
| 12:30 | Scout Tower |
| 12:31 | Scout Tower |
| 12:31 | Scout Tower |
| 12:32 | Scout Tower |
| 12:51 | Arcane Vault |
| 13:01 | Staff of Sanctuary |
| 13:02 | Staff of Sanctuary |
| 13:05 | Orb of Lightning |
| 13:45 | Holy Light |
| 14:03 | Storm Bolt |
| 14:36 | Staff of Teleportation |
| 14:36 | Boots of Speed |
| 14:39 | Periapt of Vitality |
| 14:39 | Circlet of Nobility |
| 14:55 | Lesser Clarity Potion |
| 14:55 | Healing Salve |
| 15:04 | Arcane Sanctum |
| 16:06 | Brilliance Aura |
| Right click | 1443 |
| Select | 425 |
| Build/train/purchase | 244 |
| Select group | 211 |
| Chat | 46 |
| Use ability | 44 |
| Assign group | 13 |
| Resource trade | 10 |
| Item give/drop | 5 |
| Minimap ping | 4 |
| Misc. action | 3 |


| Staff of Teleportation | 2 | 300 |
| Boots of Speed | 1 | 250 |
| total: | 3 | 550g |
| Peasant | 17 | 1275 | / | 0 |
| Goblin Sapper | 5 | 1075 | / | 500 |
| Goblin Zeppelin | 2 | 480 | / | 120 |
| total: | 24 | 2830g | / | 620w |
| Scout Tower | 63 | 1890 | / | 1260 |
| Arcane Tower | 2 | 140 | / | 100 |
| Guard Tower | 38 | 2660 | / | 1900 |
| Altar of Kings | 1 | 180 | / | 50 |
| Farm | 5 | 400 | / | 100 |
| Lumber Mill | 1 | 120 | / | 0 |
| Keep | 1 | 320 | / | 210 |
| total: | 70 | 2590g | / | 1410w |
| 0:01 | Peasant |
| 0:05 | Altar of Kings |
| 0:08 | Peasant |
| 0:19 | Farm |
| 0:23 | Peasant |
| 0:38 | Peasant |
| 0:42 | Lumber Mill |
| 0:44 | Peasant |
| 0:56 | Peasant |
| 1:03 | Scout Tower |
| 1:17 | Peasant |
| 1:32 | Arcane Tower |
| 1:36 | Peasant |
| 1:39 | Scout Tower |
| 1:56 | Scout Tower |
| 1:57 | Scout Tower |
| 2:00 | Scout Tower |
| 2:01 | Scout Tower |
| 2:03 | Farm |
| 2:11 | Scout Tower |
| 2:17 | Scout Tower |
| 2:17 | Scout Tower |
| 2:22 | Guard Tower |
| 2:25 | Scout Tower |
| 2:27 | Scout Tower |
| 2:36 | Scout Tower |
| 2:37 | Guard Tower |
| 2:50 | Peasant |
| 2:53 | Blizzard |
| 3:24 | Guard Tower |
| 3:26 | Scout Tower |
| 3:26 | Scout Tower |
| 3:29 | Peasant |
| 3:30 | Peasant |
| 3:37 | Scout Tower |
| 3:37 | Scout Tower |
| 3:41 | Guard Tower |
| 3:45 | Scout Tower |
| 3:46 | Scout Tower |
| 3:47 | Scout Tower |
| 3:52 | Scout Tower |
| 3:54 | Scout Tower |
| 3:54 | Scout Tower |
| 4:05 | Guard Tower |
| 4:09 | Scout Tower |
| 4:29 | Staff of Teleportation |
| 4:36 | Guard Tower |
| 4:40 | Scout Tower |
| 4:50 | Guard Tower |
| 4:58 | Guard Tower |
| 5:09 | Guard Tower |
| 5:09 | Guard Tower |
| 5:20 | Guard Tower |
| 5:24 | Scout Tower |
| 5:25 | Scout Tower |
| 5:25 | Scout Tower |
| 5:25 | Scout Tower |
| 5:41 | Keep |
| 5:47 | Scout Tower |
| 5:47 | Scout Tower |
| 5:48 | Scout Tower |
| 5:54 | Guard Tower |
| 5:59 | Scout Tower |
| 6:01 | Scout Tower |
| 6:07 | Guard Tower |
| 6:22 | Guard Tower |
| 6:32 | Guard Tower |
| 6:55 | Guard Tower |
| 6:56 | Scout Tower |
| 6:57 | Scout Tower |
| 6:57 | Scout Tower |
| 6:58 | Scout Tower |
| 7:00 | Guard Tower |
| 7:14 | Brilliance Aura |
| 7:35 | Goblin Sapper |
| 7:44 | Goblin Zeppelin |
| 7:44 | Goblin Zeppelin |
| 8:12 | Guard Tower |
| 8:13 | Guard Tower |
| 8:15 | Peasant |
| 8:55 | Guard Tower |
| 8:57 | Scout Tower |
| 8:57 | Scout Tower |
| 8:58 | Scout Tower |
| 9:03 | Guard Tower |
| 9:29 | Guard Tower |
| 9:50 | Scout Tower |
| 9:50 | Scout Tower |
| 9:53 | Guard Tower |
| 9:58 | Peasant |
| 9:58 | Peasant |
| 10:03 | Scout Tower |
| 10:03 | Scout Tower |
| 10:07 | Scout Tower |
| 10:08 | Scout Tower |
| 10:08 | Scout Tower |
| 10:19 | Farm |
| 10:21 | Peasant |
| 10:32 | Scout Tower |
| 10:32 | Scout Tower |
| 10:33 | Scout Tower |
| 10:33 | Scout Tower |
| 10:34 | Scout Tower |
| 10:41 | Guard Tower |
| 10:42 | Guard Tower |
| 10:44 | Scout Tower |
| 10:45 | Scout Tower |
| 10:54 | Guard Tower |
| 11:09 | Peasant |
| 11:13 | Guard Tower |
| 11:19 | Guard Tower |
| 11:38 | Scout Tower |
| 12:08 | Storm Bolt |
| 12:23 | Bash |
| 12:45 | Staff of Teleportation |
| 12:46 | Boots of Speed |
| 13:06 | Scout Tower |
| 13:07 | Scout Tower |
| 13:16 | Scout Tower |
| 13:17 | Scout Tower |
| 13:18 | Scout Tower |
| 13:18 | Scout Tower |
| 13:22 | Scout Tower |
| 13:23 | Scout Tower |
| 13:54 | Guard Tower |
| 13:59 | Guard Tower |
| 14:02 | Farm |
| 14:02 | Farm |
| 14:07 | Peasant |
| 14:54 | Goblin Sapper |
| 14:54 | Goblin Sapper |
| 14:54 | Goblin Sapper |
| 14:54 | Goblin Sapper |
| 15:58 | Storm Bolt |
| Right click | 877 |
| Select | 371 |
| Select group | 230 |
| Build/train/purchase | 96 |
| Assign group | 80 |
| Use ability | 45 |
| Minimap ping | 6 |


| Boots of Speed | 2 | 500 |
| Staff of Teleportation | 1 | 150 |
| Potion of Lesser Invulnerability | 1 | 150 |
| Periapt of Vitality | 1 | 325 |
| Circlet of Nobility | 1 | 175 |
| total: | 6 | 1300g |
| Wisp | 39 | 2340 | / | 0 |
| total: | 39 | 2340g | / | 0w |
| Altar of Elders | 1 | 180 | / | 50 |
| Moon Well | 21 | 3780 | / | 840 |
| Tree of Life | 2 | 680 | / | 370 |
| Hunter's Hall | 1 | 210 | / | 100 |
| Tree of Ages | 1 | 320 | / | 180 |
| Tree of Eternity | 2 | 660 | / | 400 |
| total: | 25 | 4850g | / | 1360w |
| 0:01 | Wisp |
| 0:05 | Altar of Elders |
| 0:08 | Wisp |
| 0:15 | Wisp |
| 0:39 | Wisp |
| 0:44 | Moon Well |
| 0:52 | Wisp |
| 1:10 | Wisp |
| 1:39 | Moon Well |
| 1:50 | Moon Well |
| 1:52 | Wisp |
| 1:52 | Wisp |
| 2:05 | Wisp |
| 2:21 | Wisp |
| 2:33 | Entangling Roots |
| 2:37 | Wisp |
| 2:49 | Wisp |
| 3:04 | Moon Well |
| 3:30 | Wisp |
| 3:31 | Wisp |
| 3:51 | Moon Well |
| 4:09 | Moon Well |
| 4:16 | Wisp |
| 4:50 | Tree of Ages |
| 5:33 | Moon Well |
| 6:05 | Tree of Life |
| 6:19 | Boots of Speed |
| 6:31 | Moon Well |
| 6:43 | Staff of Teleportation |
| 7:06 | Moon Well |
| 7:36 | Moon Well |
| 8:22 | Black Arrow |
| 8:27 | Wisp |
| 8:31 | Wisp |
| 8:31 | Wisp |
| 8:37 | Wisp |
| 8:46 | Wisp |
| 8:56 | Wisp |
| 8:56 | Wisp |
| 9:07 | Thorns Aura |
| 9:10 | Wisp |
| 9:11 | Wisp |
| 9:21 | Wisp |
| 9:22 | Wisp |
| 9:51 | Wisp |
| 9:51 | Wisp |
| 10:15 | Tree of Eternity |
| 10:35 | Hunter's Hall |
| 10:55 | Life Drain |
| 11:02 | Wisp |
| 11:56 | Wisp |
| 12:25 | Tree of Life |
| 12:45 | Wisp |
| 12:45 | Wisp |
| 13:17 | Moon Well |
| 13:32 | Moon Well |
| 13:34 | Moon Well |
| 13:37 | Moon Well |
| 13:37 | Moon Well |
| 13:40 | Moon Well |
| 13:51 | Nature's Blessing |
| 14:07 | Wisp |
| 14:07 | Wisp |
| 14:12 | Well Spring |
| 14:13 | Ultravision |
| 14:15 | Moon Well |
| 15:02 | Wisp |
| 15:02 | Wisp |
| 15:02 | Wisp |
| 15:02 | Wisp |
| 15:02 | Wisp |
| 15:09 | Black Arrow |
| 15:11 | Entangling Roots |
| 15:21 | Moon Well |
| 15:40 | Moon Well |
| 15:41 | Moon Well |
| 15:42 | Moon Well |
| 16:05 | Potion of Lesser Invulnerability |
| 16:06 | Periapt of Vitality |
| 16:12 | Circlet of Nobility |
| 16:12 | Boots of Speed |
| Right click | 769 |
| Assign group | 418 |
| Select group | 229 |
| Select | 214 |
| Resource trade | 127 |
| Build/train/purchase | 96 |
| Use ability | 19 |
| Misc. action | 7 |
| Item give/drop | 5 |
| Minimap ping | 1 |
/ 2.1k
55 buildings @ 7k
/ 2.4k


| Peon | 7 | 525 | / | 0 |
| Troll Batrider | 14 | 2240 | / | 560 |
| Shaman | 2 | 260 | / | 40 |
| Troll Witch Doctor | 2 | 290 | / | 50 |
| Goblin Shredder | 1 | 375 | / | 100 |
| Peasant | 4 | 300 | / | 0 |
| Flying Machine | 14 | 1400 | / | 420 |
| total: | 44 | 5390g | / | 1170w |
| Orc Burrow | 7 | 1120 | / | 280 |
| Altar of Storms | 1 | 180 | / | 50 |
| Voodoo Lounge | 1 | 130 | / | 30 |
| War Mill | 2 | 410 | / | 0 |
| Spirit Lodge | 2 | 300 | / | 300 |
| Beastiary | 1 | 145 | / | 140 |
| Stronghold | 2 | 630 | / | 380 |
| Fortress | 1 | 325 | / | 190 |
| Farm | 3 | 240 | / | 60 |
| Castle | 1 | 360 | / | 210 |
| total: | 17 | 2525g | / | 860w |
| 0:06 | Peon |
| 0:06 | Peon |
| 0:11 | Orc Burrow |
| 0:14 | Peon |
| 1:00 | Altar of Storms |
| 1:05 | Peon |
| 1:05 | Peon |
| 1:41 | Peon |
| 1:42 | Peon |
| 1:48 | Orc Burrow |
| 2:07 | Voodoo Lounge |
| 2:17 | Stronghold |
| 2:42 | War Mill |
| 2:57 | War Mill |
| 3:09 | Feral Spirit |
| 3:15 | Orc Burrow |
| 4:46 | Spirit Lodge |
| 5:37 | Healing Wave |
| 5:51 | Goblin Shredder |
| 5:58 | Fortress |
| 6:13 | Shaman Adept Training |
| 6:17 | Spirit Lodge |
| 6:18 | Witch Doctor Adept Training |
| 6:58 | Chain Lighting |
| 8:17 | Beastiary |
| 8:58 | Shaman Master Training |
| 8:59 | Witch Doctor Master Training |
| 9:58 | Troll Batrider |
| 9:58 | Troll Batrider |
| 9:58 | Troll Batrider |
| 9:58 | Troll Batrider |
| 9:58 | Troll Batrider |
| 9:59 | Troll Batrider |
| 9:59 | Troll Batrider |
| 10:03 | Shaman |
| 10:04 | Troll Witch Doctor |
| 10:04 | Shaman |
| 10:04 | Troll Witch Doctor |
| 10:18 | Orc Burrow |
| 10:30 | Peasant |
| 10:30 | Peasant |
| 10:30 | Peasant |
| 10:30 | Peasant |
| 10:38 | Flak Cannons |
| 11:57 | Hex |
| 12:04 | Orc Burrow |
| 12:11 | Orc Burrow |
| 12:13 | Orc Burrow |
| 13:19 | Farm |
| 13:19 | Farm |
| 13:20 | Farm |
| 13:21 | Castle |
| 13:23 | Flying Machine |
| 13:23 | Flying Machine |
| 13:23 | Flying Machine |
| 13:23 | Flying Machine |
| 13:24 | Flying Machine |
| 13:24 | Flying Machine |
| 13:24 | Flying Machine |
| 13:24 | Flying Machine |
| 14:11 | Troll Batrider |
| 14:11 | Troll Batrider |
| 14:11 | Troll Batrider |
| 14:11 | Troll Batrider |
| 14:12 | Troll Batrider |
| 14:12 | Troll Batrider |
| 14:12 | Troll Batrider |
| 15:26 | Flying Machine |
| 15:26 | Flying Machine |
| 15:27 | Flying Machine |
| 15:27 | Flying Machine |
| 15:27 | Flying Machine |
| 15:27 | Flying Machine |
| 15:46 | Black Gunpowder |
| 15:47 | Flying Machine Bombs |
| Right click | 447 |
| Select | 224 |
| Build/train/purchase | 69 |
| Use ability | 23 |
| Remove unit | 4 |
| Minimap ping | 4 |
| Item give/drop | 1 |

| Acolyte | 3 | 225 | / | 0 |
| Ghoul | 3 | 360 | / | 0 |
| Crypt Fiend | 4 | 860 | / | 160 |
| Gargoyle | 13 | 2275 | / | 390 |
| total: | 23 | 3720g | / | 550w |
| Nerubian Tower | 1 | 100 | / | 20 |
| Altar of Darkness | 1 | 180 | / | 50 |
| Ziggurat | 4 | 600 | / | 200 |
| Crypt | 2 | 400 | / | 100 |
| Graveyard | 1 | 215 | / | 0 |
| Halls of the Dead | 1 | 320 | / | 210 |
| total: | 8 | 1395g | / | 350w |
| 0:13 | Altar of Darkness |
| 0:20 | Ziggurat |
| 0:23 | Crypt |
| 0:34 | Acolyte |
| 0:45 | Acolyte |
| 1:20 | Graveyard |
| 1:35 | Ghoul |
| 1:48 | Crypt |
| 2:00 | Ghoul |
| 2:18 | Ghoul |
| 2:33 | Sleep |
| 2:45 | Acolyte |
| 3:10 | Ziggurat |
| 3:12 | Ziggurat |
| 3:14 | Creature Carapace |
| 3:40 | Ziggurat |
| 3:51 | Halls of the Dead |
| 4:29 | Crypt Fiend |
| 4:34 | Crypt Fiend |
| 5:11 | Unholy Strength |
| 5:15 | Crypt Fiend |
| 5:29 | Crypt Fiend |
| 6:19 | Web |
| 6:20 | Gargoyle |
| 6:31 | Nerubian Tower |
| 8:09 | Gargoyle |
| 8:09 | Gargoyle |
| 8:09 | Gargoyle |
| 8:24 | Gargoyle |
| 9:04 | Gargoyle |
| 9:10 | Vampiric Aura |
| 9:33 | Summon Water Elemental |
| 9:33 | Summon Water Elemental |
| 10:27 | Gargoyle |
| 10:27 | Gargoyle |
| 10:28 | Gargoyle |
| 10:42 | Gargoyle |
| 11:54 | Gargoyle |
| 11:54 | Gargoyle |
| 11:54 | Gargoyle |
| Right click | 305 |
| Select | 146 |
| Build/train/purchase | 34 |
| Use ability | 12 |
| Minimap ping | 12 |


| Peasant | 18 | 1350 | / | 0 |
| Footman | 2 | 270 | / | 0 |
| Rifleman | 5 | 1025 | / | 150 |
| total: | 25 | 2645g | / | 150w |
| Scout Tower | 3 | 90 | / | 60 |
| Arcane Tower | 2 | 140 | / | 100 |
| Guard Tower | 1 | 70 | / | 50 |
| Altar of Kings | 1 | 180 | / | 50 |
| Farm | 7 | 560 | / | 140 |
| Barracks | 1 | 160 | / | 60 |
| Blacksmith | 1 | 140 | / | 60 |
| Lumber Mill | 3 | 360 | / | 0 |
| Arcane Vault | 1 | 130 | / | 30 |
| Workshop | 3 | 420 | / | 420 |
| Keep | 1 | 320 | / | 210 |
| total: | 20 | 2040g | / | 820w |
| 0:09 | Peasant |
| 0:09 | Peasant |
| 0:09 | Peasant |
| 0:26 | Altar of Kings |
| 0:41 | Farm |
| 0:56 | Barracks |
| 1:00 | Peasant |
| 1:01 | Peasant |
| 1:01 | Peasant |
| 1:17 | Farm |
| 1:31 | Peasant |
| 1:48 | Scout Tower |
| 1:59 | Footman |
| 1:59 | Footman |
| 2:09 | Peasant |
| 2:10 | Peasant |
| 2:19 | Blacksmith |
| 2:23 | Arcane Tower |
| 2:32 | Flame Strike |
| 2:55 | Farm |
| 3:37 | Rifleman |
| 3:39 | Scout Tower |
| 3:42 | Lumber Mill |
| 3:55 | Peasant |
| 3:55 | Peasant |
| 4:09 | Rifleman |
| 4:16 | Lumber Mill |
| 4:40 | Scout Tower |
| 4:51 | Keep |
| 4:57 | Lumber Mill |
| 5:09 | Farm |
| 5:15 | Arcane Tower |
| 5:40 | Rifleman |
| 5:58 | Siphon Mana |
| 6:16 | Rifleman |
| 6:42 | Rifleman |
| 6:48 | Arcane Vault |
| 6:51 | Guard Tower |
| 7:01 | Farm |
| 7:16 | Peasant |
| 7:35 | Peasant |
| 7:36 | Peasant |
| 7:47 | Black Gunpowder |
| 8:15 | Workshop |
| 8:19 | Workshop |
| 8:20 | Peasant |
| 8:21 | Peasant |
| 8:23 | Farm |
| 9:06 | Farm |
| 9:12 | Storm Bolt |
| 9:30 | Peasant |
| 9:31 | Peasant |
| 10:13 | Workshop |
| Right click | 226 |
| Select group | 137 |
| Select | 109 |
| Build/train/purchase | 38 |
| Assign group | 8 |
| Use ability | 7 |

| Peasant | 13 | 975 | / | 0 |
| Footman | 5 | 675 | / | 0 |
| Rifleman | 7 | 1435 | / | 210 |
| total: | 25 | 3085g | / | 210w |
| Scout Tower | 1 | 30 | / | 20 |
| Arcane Tower | 1 | 70 | / | 50 |
| Altar of Kings | 1 | 180 | / | 50 |
| Barracks | 1 | 160 | / | 60 |
| Farm | 5 | 400 | / | 100 |
| Arcane Vault | 1 | 130 | / | 30 |
| Blacksmith | 1 | 140 | / | 60 |
| total: | 10 | 1040g | / | 320w |
| 0:04 | Altar of Kings |
| 0:05 | Peasant |
| 0:06 | Peasant |
| 0:06 | Peasant |
| 0:06 | Peasant |
| 0:24 | Barracks |
| 0:37 | Farm |
| 0:46 | Peasant |
| 0:52 | Peasant |
| 1:02 | Farm |
| 1:30 | Farm |
| 1:34 | Footman |
| 1:35 | Footman |
| 1:55 | Arcane Vault |
| 2:00 | Peasant |
| 2:03 | Peasant |
| 2:11 | Blizzard |
| 2:28 | Blacksmith |
| 2:41 | Footman |
| 3:27 | Peasant |
| 3:32 | Footman |
| 3:32 | Footman |
| 3:43 | Rifleman |
| 3:43 | Rifleman |
| 3:44 | Rifleman |
| 5:27 | Peasant |
| 5:28 | Peasant |
| 5:43 | Rifleman |
| 5:47 | Farm |
| 5:48 | Farm |
| 5:51 | Scout Tower |
| 7:02 | Arcane Tower |
| 7:08 | Rifleman |
| 7:08 | Rifleman |
| 7:09 | Rifleman |
| 7:15 | Peasant |
| 7:15 | Peasant |
| 8:12 | Black Gunpowder |
| 8:13 | Studded Leather Armor |
| 8:26 | Brilliance Aura |
| Right click | 172 |
| Select | 111 |
| Misc. action | 40 |
| Select group | 37 |
| Build/train/purchase | 36 |
| Assign group | 7 |
| Use ability | 4 |
| Remove unit | 2 |
⇛